 Dungeon Crawl Stone Soup version 0.30.1-4-g462c640d31 (webtiles) character file.

Game seed: 15894513850634915339

37076 Amplified the Victor of a Thousand Battles (level 13, -4/114 HPs)
             Began as a Demonspawn Delver on Sept 9, 2023.
             Was the Champion of Okawaru.
             Slain by a five-headed hydra (11 damage)
             ... on level 4 of the Lair of Beasts.
             The game lasted 00:28:48 (19432 turns).

Amplified the Victor of a Thousand Battles (DsDe)  Turns: 19432, Time: 00:28:48

Health: -4/114     AC:  7    Str: 14    XL:     13   Next: 56%
Magic:  24/24      EV: 13    Int: 14    God:    Okawaru [******]
Gold:   1329       SH:  0    Dex: 22    Spells: 10/12 levels left

rFire   + . .        p - +3 scimitar (flame)
rCold   . . .        (no shield)
rNeg    . . .        e - +3 leather armour {rF+}
rPois   +            (helmet restricted)
rElec   .            v - +0 cloak
rCorr   +            (no gloves)
SInv    .            (no boots)
Will    .....        f - amulet "Eblyph" {Faith Dex+4}
Stlth   ++++         t - ring of poison resistance
HPRegen 0.39/turn    y - ring of resist corrosion
MPRegen 0.19/turn

%: faith
@: no status effects
A: antennae 1, thin skeletal structure 1, ignite blood 1, spiny 2
a: Renounce Religion, Heroism, Finesse, Duel


You were on level 4 of the Lair of Beasts.
You worshipped Okawaru.
Okawaru was exalted by your worship.
You visited 3 branches of the dungeon, and saw 18 of its levels.

You collected 1561 gold pieces.
You spent 232 gold pieces at shops.

Inventory:

Hand Weapons
 n - a +5 scimitar of protection
 p - a +3 scimitar of flaming (weapon)
 A - a +3 morningstar
Missiles
 c - 4 curare-tipped darts
 j - 4 throwing nets (quivered)
 u - 13 poisoned darts
Armour
 b - a +0 leather armour
 e - a +3 leather armour of fire resistance (worn)
 v - a +0 cloak (worn)
Jewellery
 f - the amulet "Eblyph" (around neck) {Faith Dex+4}
   (You found it on level 3 of the Dungeon)

   [amulet of faith]

   It allows you to gain divine favour quickly.
   Dex:       It affects your dexterity (+4).
 q - an amulet of magic regeneration
 t - a ring of poison resistance (left hand)
 y - a ring of resist corrosion (right hand)
 B - an amulet of regeneration
Wands
 g - a wand of digging (16)
 D - a wand of mindburst (6)
 I - a wand of flame (12)
Scrolls
 d - 6 scrolls of noise
 l - 4 scrolls of vulnerability
 m - 3 scrolls of poison
 o - 4 scrolls of identify
 s - 8 scrolls of teleportation
 x - 4 scrolls of blinking
 C - 3 scrolls of fog
 E - a scroll of butterflies
 G - a scroll of amnesia
 K - a scroll of enchant armour
Potions
 a - 4 potions of curing
 h - a potion of flight
 k - 2 potions of cancellation
 r - 2 potions of mutation
 w - a potion of might
 z - a potion of berserk rage
 F - a potion of brilliance
 H - 8 potions of ambrosia
 J - a potion of haste


   Skills:
 * Level 14.5 Fighting
 * Level 15.0 Long Blades
 - Level 5.2 Armour
 - Level 2.5 Dodging
 - Level 4.8 Stealth
 * Level 15.7 Invocations


You had 10 spell levels left.
You knew the following spells:

 Your Spells              Type           Power      Damage    Failure   Level
a - Lesser Beckoning      Tloc           0%         N/A       47%         2

Your spell library contained the following spells:

 Spells                   Type           Power      Damage    Failure   Level
 Gell's Gravitas          Tloc           0%         N/A       71%         3
 Ozocubu's Armour         Ice            0%         N/A       71%         3
 Portal Projectile        Hex/Tloc       0%         N/A       71%         3
 Teleport Other           Tloc           0%         N/A       71%         3
 Leda's Liquefaction      Hex/Erth       0%         N/A       98%         4
 Passage of Golubria      Tloc           0%         N/A       98%         4
 Petrify                  Tmut/Erth      0%         N/A       98%         4
 Metabolic Englaciation   Hex/Ice        0%         N/A       100%        5
 Silence                  Hex/Air        0%         N/A       100%        5
 Statue Form              Tmut/Erth      0%         N/A       100%        6
 Lehudib's Crystal Spear  Conj/Erth      0%         10d2      100%        8
 Call Canine Familiar     Summ           Unusable   N/A       N/A         3
 Simulacrum               Ice/Necr       Unusable   N/A       N/A         6

Dungeon Overview and Level Annotations

Branches:
Dungeon (13/15)            Temple (1/1) D:5            Lair (4/5) D:11
  Swamp (0/4) Lair:3        Snake (0/4) Lair:2          Orc (0/2) D:10
  Slime: Lair:4-5    Vaults: D:13-14

Altars:
Ashenzari
Cheibriados
Dithmenos
Fedhas
Gozag
Hepliaklqana
Kikubaaqudgha
Makhleb
Nemelex Xobeh
Okawaru
Qazlal
Ru
Sif Muna
Trog
Uskayaw
Vehumet
Wu Jian
Xom
Yredelemnul

Shops:
D:2 ?=(::   D:3 [?[

Annotations:
D:4 3 runed translucent doors, lasso's ghost, novice GnCj
D:7 2 runed translucent doors, ANNNA's ghost, novice MiBe


Innate Abilities, Weirdness & Mutations

You have a pair of small antennae on your head.
You have a somewhat thin skeletal structure. (Dex +2, Stealth+)
Your demonic aura sometimes causes spilled blood to erupt in flames.
You are mostly covered in sharp spines.


Message History

The six-headed hydra bites you but does no damage. x2
The six-headed hydra bites you!
The six-headed hydra bites you but does no damage.
The water moccasin hisses angrily.
You barely miss the six-headed hydra.
The six-headed hydra is lightly wounded.
Unknown command.
You lop one of the six-headed hydra's heads off!
The flame cauterises the wound!
You slash the five-headed hydra! You burn the five-headed hydra.
The five-headed hydra is moderately wounded.
The five-headed hydra is struck by your spines.
The five-headed hydra bites you! The five-headed hydra misses you.
The five-headed hydra bites you but does no damage.
The five-headed hydra bites you. x2
Unknown command.
You completely miss the five-headed hydra.
The five-headed hydra is moderately wounded.
The water moccasin completely misses you.
The five-headed hydra bites you!
The five-headed hydra closely misses you.
The five-headed hydra bites you. The five-headed hydra misses you.
The five-headed hydra bites you!
* * * LOW HITPOINT WARNING * * *
Unknown command.
The water moccasin attacks as you move away!
The water moccasin misses you.
Unknown command.
The five-headed hydra attacks as you move away!
The five-headed hydra is struck by your spines.
The five-headed hydra bites you!
* * * LOW HITPOINT WARNING * * *
The five-headed hydra bites you!
* * * LOW HITPOINT WARNING * * *
The five-headed hydra bites you.
* * * LOW HITPOINT WARNING * * *
The five-headed hydra bites you.
* * * LOW HITPOINT WARNING * * *
The five-headed hydra bites you!
You die...

#......#..##
#.........P#
##......####
#...#### .
###....# ..
#.#.####
...####....#
......#..###
#....D@○#
..#...S#.##.#
#.........#
................
........###P..)..
........# ....##
......... ...##
......... ..#
..$...... ...


You could see a five-headed hydra and a water moccasin.

Vanquished Creatures
  2 hydras
  Harold (D:11)
  2 boulder beetles (D:11)
  Erica (D:8)
  5 two-headed ogres
  6 death yaks
  Sonja (D:12)
  Lodul (D:11)
  A deep elf pyromancer (D:9)
  Joseph (D:10)
  A black mamba (Lair:1)
  A gargoyle (D:11)
  2 torpor snails (Lair:2)
  8 cane toads
  A rime drake (Lair:3)
  Psyche (D:10)
  2 komodo dragons
  A kobold demonologist (D:11)
  5 polar bears
  A queen bee (Lair:2)
  2 trolls
  Grinder (D:3)
  A hornet (D:8)
  19 blink frogs
  6 dream sheep (Lair:3)
  Sigmund (D:2)
  A vampire (D:11)
  4 wraiths
  2 wyverns
  4 basilisks
  27 yaks
  A steam dragon (D:7)
  13 water moccasins
  5 black bears
  7 orc warriors
  10 ogres
  3 wolves (Lair:2)
  2 centaurs
  2 kobold brigands
  2 gnoll sergeants
  Blork the orc (D:6)
  4 bullfrogs
  3 scorpions
  2 jellies
  21 wights
  26 killer bees
  2 howler monkeys
  An electric eel (Lair:1)
  3 quasits (D:8)
  8 orc priests
  A gnoll bouda (D:4)
  3 hounds
  A sleepcap (D:6)
  Ijyb (D:3)
  2 iguanas
  Natasha (twice) (D:2)
  9 orc wizards
  A hell rat (D:11)
  Robin (D:3)
  6 adders
  16 gnolls
  A river rat (D:11)
  2 shadow imps
  3 white imps
  2 ufetubi (D:8)
  2 worms (D:2)
  4 dart slugs
  39 orcs
  5 ball pythons
  5 endoplasms
  4 giant cockroaches
  16 goblins
  10 hobgoblins
  4 quokkas
  4 bats
  6 frilled lizards
  15 kobolds
  5 rats
398 creatures vanquished.

Vanquished Creatures (others)
  An orc (D:8)
1 creature vanquished.

Grand Total: 399 creatures vanquished

Notes
Turn   | Place    | Note
-------+----------+-------------------------------------------
     0 | D:5      | Amplified the Demonspawn Delver began the quest for the
                  | Orb.
     0 | D:5      | Reached XP level 1. HP: 18/18 MP: 1/1
    32 | D:6      | Noticed a scorpion
    54 | D:6      | Killed a scorpion
    55 | D:6      | Gained mutation: You have a pair of small antennae on your
                  | head. [demonic ancestry]
    55 | D:6      | Reached XP level 2. HP: 6/24 MP: 2/2
    55 | D:6      | Reached XP level 3. HP: 7/29 MP: 3/3
   246 | D:6      | Noticed a bullfrog
   259 | D:6      | Noticed a water moccasin
   324 | D:4      | Learned a level 2 spell: Lesser Beckoning
   341 | D:4      | Found a runed translucent gate.
   343 | D:4      | Found a runed translucent gate.
   457 | D:3      | Found Keitrimo's Magic Scroll Emporium.
   461 | D:3      | Bought a scroll of identify for 26 gold pieces
   464 | D:3      | Noticed Ijyb
   483 | D:3      | Identified the amulet "Eblyph" {Faith Dex+4}
   516 | D:3      | Found Buhoofit's Armour Shop.
   545 | D:3      | Killed Ijyb
   546 | D:3      | Reached XP level 4. HP: 17/37 MP: 4/4
  1758 | D:2      | Found Udexehif's Magic Scroll Shop.
  1792 | D:2      | Bought a scroll of vulnerability for 40 gold pieces
  1792 | D:2      | Bought a scroll of poison for 40 gold pieces
  1849 | D:2      | Found Neud's Antique Weapon Shoppe.
  1863 | D:2      | Gained mutation: Your demonic aura sometimes causes spilled
                  | blood to erupt in flames. [demonic ancestry]
  1863 | D:2      | Reached XP level 5. HP: 35/42 MP: 5/5
  1955 | D:2      | Found Budyps's Book Shoppe.
  1964 | D:2      | Found Toreicit's Jewellery Boutique.
  2018 | D:2      | Found Wosisk's Book Boutique.
  2168 | D:2      | Noticed Sigmund
  2247 | D:3      | Found Cyhuat's Armour Boutique.
  2477 | D:3      | Found a faded altar of an unknown god.
  2480 | D:3      | Noticed Grinder
  2761 | D:3      | Noticed Robin
  2787 | D:3      | Killed Robin
  2788 | D:3      | Reached skill level 1 in Armour
  3062 | D:4      | Gained mutation: You are partially covered in sharp spines.
                  | [demonic ancestry]
  3062 | D:4      | Reached XP level 6. HP: 47/50 MP: 6/6
  3096 | D:4      | Reached skill level 5 in Fighting
  3250 | D:4      | Noticed lasso's ghost (novice GnCj)
  3250 | D:4      | Noticed an ice beast
  3363 | D:4      | Found a runed translucent gate.
  3932 | D:2      | Killed Sigmund
  3933 | D:2      | Reached XP level 7. HP: 32/58 MP: 7/7
  4041 | D:2      | Noticed Natasha
  4056 | D:2      | Killed Natasha
  4271 | D:2      | Noticed Natasha
  4295 | D:2      | Killed Natasha
  4509 | D:3      | Paralysed by Grinder for 4 turns
  4514 | D:3      | Paralysed by Grinder for 4 turns
  4527 | D:3      | Killed Grinder
  4934 | D:5      | Found an ornate altar of the Wu Jian Council.
  4959 | D:5      | Gained mutation: You are mostly covered in sharp spines.
                  | [demonic ancestry]
  4959 | D:5      | Reached XP level 8. HP: 59/65 MP: 8/8
  5153 | D:5      | Reached skill level 5 in Armour
  5460 | D:2      | Bought a runed scimitar for 126 gold pieces
  5586 | D:5      | Found a staircase to the Ecumenical Temple.
  5660 | Temple   | Entered the Ecumenical Temple
  5667 | Temple   | Became a worshipper of Warmaster Okawaru
  5890 | D:5      | Found a broken altar of Ashenzari.
  6500 | D:6      | Reached * piety under Okawaru
  6501 | D:6      | Reached skill level 1 in Invocations
  6532 | D:6      | Noticed Blork the orc
  6540 | D:6      | Killed Blork the orc
  7346 | D:6      | Found a sparkling altar of Nemelex Xobeh.
  7346 | D:6      | Found a hazy altar of Hepliaklqana.
  7346 | D:6      | Found a hide-covered altar of Uskayaw.
  7346 | D:6      | Found a basalt altar of Yredelemnul.
  7367 | D:6      | Reached XP level 9. HP: 55/72 MP: 11/11
  7403 | D:6      | Reached skill level 5 in Long Blades
  7467 | D:6      | Found a radiant altar of Vehumet.
  7473 | D:6      | Found a bloodstained altar of Trog.
  8312 | D:7      | Reached skill level 5 in Invocations
  8312 | D:7      | Found a large runed translucent door.
  8312 | D:7      | Found a large runed translucent door.
  8472 | D:7      | Noticed ANNNA's ghost (novice MiBe)
  8783 | D:8      | Reached ** piety under Okawaru
  8786 | D:8      | Noticed Erica
  8811 | D:8      | Killed Erica
  9019 | D:8      | Reached *** piety under Okawaru
  9133 | D:8      | Noticed a two-headed ogre
  9154 | D:8      | Killed a two-headed ogre
  9155 | D:8      | Reached skill level 10 in Fighting
  9155 | D:8      | Reached XP level 10. HP: 40/85 MP: 15/15
  9809 | D:8      | Reached **** piety under Okawaru
 10422 | D:9      | Noticed a deep elf pyromancer
 10442 | D:9      | Identified the +0 kite shield "Neluwn" {+Blink rPois Str-5
                  | Stlth+}
 10442 | D:9      | Identified the +5 hand axe of the Brain {venom, *Rage rCorr
                  | MP+9 Dex+3}
 10450 | D:9      | Killed a deep elf pyromancer
 11012 | D:9      | Found a shimmering altar of Xom.
 11334 | D:9      | Noticed a two-headed ogre
 11346 | D:9      | Killed a two-headed ogre
 11438 | D:10     | Entered Level 10 of the Dungeon
 11438 | D:10     | Noticed Psyche
 11494 | D:10     | Reached XP level 11. HP: 38/93 MP: 16/18
 11496 | D:10     | Reached skill level 10 in Invocations
 11693 | D:10     | Noticed a two-headed ogre
 11702 | D:10     | Killed a two-headed ogre
 11829 | D:10     | Reached ***** piety under Okawaru
 11959 | D:10     | Identified the +0 pair of boots "Topsea Teso" {+Inv rCorr
                  | Dex+4}
 11994 | D:10     | Found a staircase to the Orcish Mines.
 12555 | D:10     | Killed Psyche
 12708 | D:10     | Noticed Joseph
 12731 | D:10     | Killed Joseph
 13009 | D:11     | Noticed a boulder beetle
 13025 | D:11     | Killed a boulder beetle
 13025 | D:11     | Received a gift from Okawaru
 13026 | D:11     | Reached skill level 10 in Long Blades
 13319 | D:11     | Noticed a boulder beetle
 13372 | D:11     | Killed a boulder beetle
 13601 | D:11     | Found a staircase to the Lair.
 13602 | D:11     | Noticed a death yak
 13602 | D:11     | Noticed a death yak
 13603 | D:11     | Noticed a death yak
 13613 | D:11     | Noticed a two-headed ogre
 13623 | D:11     | Killed a death yak
 13627 | D:11     | Killed a death yak
 13637 | D:11     | Killed a death yak
 13643 | D:11     | Killed a two-headed ogre
 13725 | D:11     | Noticed Harold
 13738 | D:11     | Killed Harold
 13749 | D:11     | Gained mutation: You have a somewhat thin skeletal
                  | structure. (Dex +2, Stealth+) [demonic ancestry]
 13749 | D:11     | Reached XP level 12. HP: 103/103 MP: 21/21
 14202 | D:11     | Noticed Lodul
 14372 | D:12     | Identified the +1 crystal plate armour of Exclusion {rElec
                  | rF- Int+4 Dex+7} (Okawaru gifted it to you on level 12 of
                  | the Dungeon)
 14372 | D:12     | Received a gift from Okawaru
 14485 | D:12     | Noticed a two-headed ogre
 14558 | D:12     | Noticed Sonja
 14571 | D:12     | Killed Sonja
 14639 | D:12     | Killed a two-headed ogre
 14910 | D:13     | Noticed a boulder beetle
 14959 | D:11     | Killed Lodul
 15405 | Lair:1   | Entered Level 1 of the Lair of Beasts
 15843 | Lair:1   | Found a sparkling altar of Nemelex Xobeh.
 16149 | Lair:1   | Received a gift from Okawaru
 16791 | Lair:2   | Found a staircase to the Snake Pit.
 17276 | Lair:2   | Reached XP level 13. HP: 109/112 MP: 23/23
 17816 | Lair:3   | Reached ****** piety under Okawaru
 17915 | Lair:2   | Received a gift from Okawaru
 18422 | Lair:3   | Found a staircase to the Swamp.
 18626 | Lair:3   | Reached skill level 15 in Invocations
 18861 | Lair:4   | Found an ancient bone altar of Kikubaaqudgha.
 18986 | Lair:4   | Reached skill level 15 in Long Blades
 19432 | Lair:4   | Slain by a five-headed hydra

Illustrated notes

Levels and vault maps discovered:
D:1:      scummos_arrival_forest, layout_basic
D:2:      layout_rooms, serial_shops, shop, nicolae_shop_rolling_square, shop,
          shop_scrolls, shop, nicolae_elevator_lobby_plus, uniq_sigmund,
          uniq_natasha
D:3:      layout_basic, hellmonk_ecumenical_altar_zigzags, serial_shops,
          nicolae_shop_pleasant_corner_grove, nicolae_shop_crystal,
          nicolae_shop_hallway_stairs, uniq_grinder, uniq_robin, uniq_ijyb
D:4:      layout_rooms, gammafunk_ghost_icy
D:5:      layout_cave_pods, nicolae_wu_jian_wuxing_cycle,
          evilmike_ruin_ashenzari, minmay_temple_entry_hall,
          kennysheep_decorative_pillar, serial_bayou_pond_a
D:6:      layout_loops_cross, minmay_overflow_temple_hex,
          kennysheep_minor_cross, uniq_blork_the_orc
D:7:      layout_basic, ebering_ghost_disaster_area
D:8:      layout_loops_ring, serial_demonic, serial_demonic_f, serial_demonic_b,
          serial_demonic_c, serial_demonic_f, serial_demonic_f,
          serial_demonic_b, serial_demonic_f, serial_demonic_g,
          serial_demonic_d, serial_demonic_g, uniq_erica
D:9:      layout_stronghold, xom_butterflies
D:10:     layout_roguey, lemuel_round_altar, minmay_orc_entry_temple_large,
          uniq_joseph, uniq_psyche
D:11:     layout_stronghold, dpeg_lair_monsters, nicolae_eternal_life,
          uniq_lodul, uniq_harold
D:12:     wander_river, layout_basic, uniq_sonja
D:13:     layout_basic
Temple:   nicolae_temple_no_exploring_needed
Lair:1:   beast_lair_carwin_large_3, layout_long_grid, basic_altar,
          serial_bayou_shore_a
Lair:2:   layout_cave_pods, minmay_snake_entry_six_corridors, special_room
          [special_room_bee]
Lair:3:   layout_gridlike, swamp_mist_pool, serial_rivers,
          chequers_serial_rivers_room_a, chequers_serial_rivers_room_a,
          chequers_serial_rivers_marsh, chequers_serial_rivers_micro_e,
          chequers_serial_rivers_room_a, lemuel_fruit_tree
Lair:4:   layout_layer_cave, minmay_slime_entry_oklob_open, basic_altar,
          infiniplex_staircase_pool

Skill      XL: |  1  2  3  4  5  6  7  8  9 10 11 12 13 |
---------------+----------------------------------------+-----
Long Blades    | 2 3 4 6 8 11 13 15 | 15.0
Dodging        | 2 |  2.5
Fighting       | 4 6 8 10 11 12 13 14 | 14.5
Armour         | 1 3 4 5 |  5.2
Invocations    | 3 7 9 12 14 15 | 15.7
Stealth        | |  4.8

Action                     |  1- 3 |  4- 6 |  7- 9 | 10-12 | 13-15 || total
---------------------------+-------+-------+-------+-------+-------++-------
  Melee: Falchion          |    55 |    50 |       |       |       ||   105
         Long sword        |       |   197 |   104 |       |       ||   301
         Punch             |       |     3 |     2 |    10 |     5 ||    20
         Scimitar          |       |       |    68 |   491 |   163 ||   722
  Throw: Dart              |       |     2 |    12 |    13 |       ||    27
         Throwing net      |       |       |     2 |     6 |       ||     8
 Invoke: Heroism           |       |       |     3 |    13 |     4 ||    20
         Finesse           |       |       |       |     2 |       ||     2
  Evoke: Wand              |     3 |       |       |     7 |     2 ||    12
    Use: Scroll            |     5 |     3 |     9 |     8 |     2 ||    27
         Potion            |     3 |     2 |    12 |    10 |     1 ||    28
   Stab: Sleeping          |     1 |     9 |     5 |    13 |     3 ||    31
         Invisible         |     1 |       |       |       |       ||     1
         Distracted        |       |     2 |     1 |     1 |       ||     4
         Held in net/web   |       |       |       |     7 |       ||     7
 Armour: Leather armour    |     6 |    62 |    47 |   105 |    39 ||   259
         Skin              |       |       |    12 |    20 |       ||    32
  Dodge: Dodged            |    32 |   174 |   128 |   245 |   117 ||   696
